[Event "ICC tourney 2223 (30 10)"]
[Site "Internet Chess Club"]
[Date "2020.12.20"]
[Round "4"]
[White "Terry1234"]
[Black "CoolBoy2020"]
[Result "0-1"]
[ICCResult "White resigns"]
[WhiteElo "2285"]
[BlackElo "2185"]
[Opening "King's Indian: orthodox, Aronin-Taimanov, 9.Ne1"]
[ECO "E98"]
[NIC "KI.03"]
[Time "17:01:15"]
[PlyCount "64"]
[TimeControl "1800+10"]


1. d4 Nf6 2. c4 g6 3. Nc3 Bg7 4. e4 d6 5. Nf3 O-O 6. Be2 e5 7. O-O Nc6 8.
d5 Ne7 9. Ne1 Ne8 10. Be3 f5 11. f3 f4 12. Bf2 g5 13. c5 Rf7 14. a4 Bf8 15.
cxd6 cxd6 16. a5 h5 17. Nb5 Ng6 18. Nxa7 Bd7 19. a6 bxa6 20. Rxa6 Nf6 21.
Nc6 Qe8 22. b4 Rxa6 23. Bxa6 g4 24. Nd3 h4 25. b5 g3 26. hxg3 hxg3 27. Bb6
Rh7 28. Re1 Rh2 29. Kf1 Nh4 30. Re2 Qh5 31. Ne1 Rh1+ 32. Bg1 Ng6 { White
resigns } 0-1

[Event "ICC tourney 2223 (30 10)"]
[Site "Internet Chess Club"]
[Date "2020.12.20"]
[Round "4"]
[White "Alacritous"]
[Black "Drachekokosnuss"]
[Result "1-0"]
[ICCResult "Black forfeits on time"]
[WhiteElo "2240"]
[BlackElo "2100"]
[Opening "Réti: King's Indian attack"]
[ECO "A05"]
[NIC "QP.11"]
[Time "17:01:24"]
[PlyCount "55"]
[TimeControl "1800+10"]


1. Nf3 Nf6 2. g3 g6 3. Bg2 Bg7 4. O-O O-O 5. b3 d6 6. d4 Nbd7 7. Bb2 c6 8.
Re1 Qc7 9. e4 e5 10. a4 Re8 11. dxe5 dxe5 12. Na3 Nc5 13. Nc4 Ncxe4 14.
Nfxe5 Bf5 15. g4 b5 16. axb5 cxb5 17. Ne3 Nxg4 18. N3xg4 Bxg4 19. Qxg4 f5
20. Qf4 Bxe5 21. Bxe5 Rxe5 22. f3 Qc5+ 23. Re3 g5 24. b4 gxf4 25. bxc5 fxe3
26. fxe4 fxe4 27. c6 Rc8 28. Ra6 { Black forfeits on time } 1-0

[Event "ICC tourney 2223 (30 10)"]
[Site "Internet Chess Club"]
[Date "2020.12.20"]
[Round "4"]
[White "TjkTiger"]
[Black "eigenator"]
[Result "1-0"]
[ICCResult "Black resigns"]
[WhiteElo "2602"]
[BlackElo "2376"]
[Opening "English: four knights, Nimzovich variation"]
[ECO "A28"]
[NIC "EO.09"]
[Time "17:02:25"]
[PlyCount "97"]
[TimeControl "1800+10"]


1. c4 Nf6 2. Nc3 e5 3. Nf3 Nc6 4. e4 Bc5 5. Nxe5 Nxe5 6. d4 Bd6 7. c5 Nc6
8. cxd6 cxd6 9. d5 Ne5 10. f4 Ng6 11. Bd3 O-O 12. O-O b5 13. Be3 b4 14. Nb5
Qe7 15. Bd4 Ba6 16. Qa4 Bxb5 17. Qxb5 Rab8 18. Qa6 Rfe8 19. Rae1 Ng4 20. h3
Nh6 21. e5 dxe5 22. fxe5 Qg5 23. Bxg6 hxg6 24. Qxa7 Nf5 25. Bf2 Qd2 26.
Qxd7 Rbd8 27. Qb5 Qxd5 28. Qxd5 Rxd5 29. Re4 Ra8 30. Rxb4 Rxa2 31. Re1 Rd2
32. Rb1 Ra5 33. Rb8+ Kh7 34. Be1 Rad5 35. Bxd2 Rxd2 36. Rb3 Re2 37. Rc3
Rxe5 38. b4 Nd4 39. Rc5 Re6 40. b5 Rb6 41. Kf2 Kh6 42. Ke3 Nf5+ 43. Rxf5
gxf5 44. Kd4 Kg5 45. Kc5 Rb8 46. b6 Kf4 47. Rb3 g5 48. Kd6 g4 49. h4 {
Black resigns } 1-0

[Event "ICC tourney 2223 (30 10)"]
[Site "Internet Chess Club"]
[Date "2020.12.20"]
[Round "4"]
[White "MrNormalName"]
[Black "mhebden"]
[Result "0-1"]
[ICCResult "White resigns"]
[WhiteElo "2181"]
[BlackElo "2503"]
[Opening "King's Indian: Gligoric-Taimanov system"]
[ECO "E92"]
[NIC "KI.18"]
[Time "17:03:23"]
[PlyCount "88"]
[TimeControl "1800+10"]


1. d4 Nf6 2. c4 g6 3. Nc3 Bg7 4. e4 d6 5. Nf3 O-O 6. Be2 e5 7. Be3 Ng4 8.
Bg5 f6 9. Bc1 f5 10. dxe5 Nxe5 11. exf5 Bxf5 12. O-O Nbc6 13. Be3 Kh8 14.
Qd2 Nxf3+ 15. Bxf3 Ne5 16. Be2 Qe7 17. Nd5 Qf7 18. Bh6 Bxh6 19. Qxh6 Rae8
20. Qd2 Be4 21. Ne3 g5 22. Qd4 Bc6 23. Qxa7 Qg7 24. Qa5 Ng6 25. Qxg5 Qxb2
26. Bh5 Re6 27. Qh6 Rg8 28. Bg4 Rf6 29. Rfb1 Qxf2+ 30. Kh1 Ne5 31. Qh3 Nxg4
32. Nxg4 Rxg4 33. Qxg4 Rg6 34. Qc8+ Rg8 35. Qxg8+ Kxg8 36. Rg1 Kh8 37. Rad1
Be4 38. a3 b6 39. Rde1 Bxg2+ 40. Rxg2 Qxe1+ 41. Rg1 Qe4+ 42. Rg2 Qxc4 43.
Rg4 Qxg4 44. h3 Qe2 { White resigns } 0-1

[Event "ICC tourney 2223 (30 10)"]
[Site "Internet Chess Club"]
[Date "2020.12.20"]
[Round "4"]
[White "VolcanoExplorer"]
[Black "manest"]
[Result "1/2-1/2"]
[ICCResult "Game drawn by repetition"]
[WhiteElo "2368"]
[BlackElo "2709"]
[Opening "Philidor: Improved Hanham variation"]
[ECO "B07"]
[NIC "PU.08"]
[Time "17:01:21"]
[PlyCount "222"]
[TimeControl "1800+10"]


1. e4 d6 2. d4 Nf6 3. Nc3 e5 4. Nf3 Nbd7 5. g3 g6 6. Bg2 Bg7 7. O-O O-O 8.
h3 c6 9. a4 a5 10. Be3 Re8 11. Re1 exd4 12. Bxd4 Qc7 13. Nd2 b6 14. f4 Ba6
15. Nf3 Rad8 16. Qd2 Nc5 17. Nh2 Bc8 18. Rad1 Ne6 19. Be3 d5 20. exd5 Nxd5
21. Nxd5 cxd5 22. Bxd5 Nc5 23. c4 Bxh3 24. Qf2 Bf5 25. Bd4 Rxe1+ 26. Qxe1
Bxd4+ 27. Rxd4 Nxa4 28. Nf3 Kg7 29. Ng5 f6 30. Re4 Qc5+ 31. Kh2 Rd7 32. Re8
Kh6 33. Kg2 Bg4 34. Qh1+ Bh5 35. Ne6 Qe3 36. Qh4 g5 37. fxg5+ fxg5 38.
Qxh5+ Kxh5 39. Ng7+ Kg6 40. Rxe3 Kxg7 41. Re6 Nxb2 42. Rxb6 Nd1 43. Kf3 Nc3
44. Be6 Rc7 45. Rb3 Na4 46. Rb5 Nc5 47. Bd5 a4 48. Ra5 h5 49. Ra8 Kf6 50.
Ke3 h4 51. gxh4 gxh4 52. Kd4 h3 53. Kc3 Kg5 54. Rh8 Kg4 55. Kb4 Kg3 56.
Rg8+ Kh2 57. Rh8 Ra7 58. Ka3 Nd3 59. Be6 Nf4 60. Bxh3 Nxh3 61. c5 Kg3 62.
c6 Nf4 63. c7 Rxc7 64. Kxa4 Rb7 65. Re8 Nd5 66. Ka3 Kf4 67. Ka4 Kf5 68. Ka3
Ne7 69. Rd8 Ke4 70. Rd1 Nd5 71. Rd2 Rb8 72. Rd1 Ne3 73. Rd7 Nc4+ 74. Ka2
Ke3 75. Rd5 Nd2 76. Rd7 Ke2 77. Ka3 Nc4+ 78. Ka2 Rb2+ 79. Ka1 Rc2 80. Kb1
Rc3 81. Ka2 Ke3 82. Rd8 Ra3+ 83. Kb1 Rc3 84. Ka2 Nd2 85. Kb2 Rc7 86. Re8+
Ne4 87. Rd8 Nc5 88. Rd6 Nd3+ 89. Kb3 Kd2 90. Rd8 Rc5 91. Rd4 Rc3+ 92. Ka4
Ke3 93. Rd8 Rc5 94. Kb3 Ne5 95. Kb4 Rc1 96. Kb3 Nc6 97. Rd6 Nd4+ 98. Kb4
Kd3 99. Rd5 Rc4+ 100. Ka5 Kc3 101. Kb6 Rb4+ 102. Kc5 Rb5+ 103. Kd6 Rb6+
104. Ke5 Re6+ 105. Kf4 Kc4 106. Rd8 Rf6+ 107. Ke4 Re6+ 108. Kf4 Rf6+ 109.
Ke4 Re6+ 110. Kf4 Rf6+ 111. Ke4 Re6+ { Game drawn by repetition } 1/2-1/2

[Event "ICC tourney 2223 (30 10)"]
[Site "Internet Chess Club"]
[Date "2020.12.20"]
[Round "5"]
[White "Openyagami"]
[Black "mikolka1985"]
[Result "1-0"]
[ICCResult "Black resigns"]
[WhiteElo "2604"]
[BlackElo "2545"]
[Opening "English: four knights, Nimzovich variation"]
[ECO "A28"]
[NIC "EO.09"]
[Time "19:00:56"]
[PlyCount "63"]
[TimeControl "1800+10"]


1. c4 Nf6 2. Nc3 e5 3. Nf3 Nc6 4. e4 Bb4 5. d3 d6 6. g3 O-O 7. Bg2 a6 8.
O-O Bc5 9. h3 h6 10. Kh2 Nd4 11. Nxd4 Bxd4 12. Ne2 Ba7 13. f4 b5 14. b3 Rb8
15. Bd2 Re8 16. f5 c6 17. g4 d5 18. Qc1 bxc4 19. bxc4 dxe4 20. dxe4 a5 21.
g5 hxg5 22. Bxg5 Qd3 23. Bxf6 gxf6 24. Rf3 Qxe2 25. Qh6 Bf2 26. Rf1 Rb2 27.
R1xf2 Qxf2 28. Rxf2 Rxf2 29. Qxf6 Rf4 30. Qh6 f6 31. Qg6+ Kf8 32. Qxf6+ {
Black resigns } 1-0

[Event "ICC tourney 2223 (30 10)"]
[Site "Internet Chess Club"]
[Date "2020.12.20"]
[Round "5"]
[White "manest"]
[Black "mhebden"]
[Result "1-0"]
[ICCResult "Black resigns"]
[WhiteElo "2709"]
[BlackElo "2503"]
[Opening "Trompowsky attack (Ruth, Opocenský opening)"]
[ECO "A45"]
[NIC "QP.07"]
[Time "19:01:04"]
[PlyCount "69"]
[TimeControl "1800+10"]


1. d4 Nf6 2. Bg5 d5 3. e3 Ne4 4. Bf4 c5 5. f3 Nf6 6. dxc5 Nc6 7. Bb5 Qa5+
8. Nc3 a6 9. Bxc6+ bxc6 10. Qd4 g6 11. a3 Bg7 12. b4 Qd8 13. Be5 O-O 14.
Nge2 Bh6 15. Bxf6 exf6 16. e4 dxe4 17. Nxe4 Bg7 18. Rd1 Be6 19. O-O a5 20.
Qc3 Qe7 21. Nd4 Bd5 22. Nd6 axb4 23. axb4 f5 24. Qd3 Ra2 25. c4 Qg5 26. Rf2
Rxf2 27. Kxf2 Ra8 28. Ne2 Be6 29. b5 f4 30. Ne4 Qh4+ 31. Kg1 f5 32. Nd6 Be5
33. bxc6 Qd8 34. Nd4 Bf7 35. N4b5 { Black resigns } 1-0

[Event "ICC tourney 2223 (30 10)"]
[Site "Internet Chess Club"]
[Date "2020.12.20"]
[Round "5"]
[White "eigenator"]
[Black "Alacritous"]
[Result "1-0"]
[ICCResult "Black resigns"]
[WhiteElo "2376"]
[BlackElo "2240"]
[Opening "French: Paulsen variation"]
[ECO "C10"]
[NIC "FR.04"]
[Time "19:00:57"]
[PlyCount "73"]
[TimeControl "1800+10"]


1. e4 e6 2. d4 d5 3. Nc3 Be7 4. Bd3 Nc6 5. Nge2 Nb4 6. exd5 Nxd3+ 7. Qxd3
exd5 8. Qg3 Nf6 9. Nb5 O-O 10. Qxc7 Qe8 11. Nbc3 Bf5 12. Qxb7 Rb8 13. Qa6
Bxc2 14. O-O Qd7 15. Ng3 Rfe8 16. Re1 Rb6 17. Qe2 Bc5 18. Be3 Rxb2 19. dxc5
d4 20. Nd1 Rb1 21. Rxb1 Bxb1 22. Qb2 Bg6 23. Bd2 Rc8 24. Qa3 h5 25. Bg5 Nh7
26. Bd2 Nf6 27. Nb2 h4 28. Nf1 Qf5 29. h3 Rxc5 30. Bb4 Rc2 31. Nd2 Nd5 32.
Nf3 d3 33. Bd2 Nf4 34. Re8+ Kh7 35. Qf8 Bh5 36. Qh8+ Kg6 37. Nxh4+ { Black
resigns } 1-0

[Event "ICC tourney 2223 (30 10)"]
[Site "Internet Chess Club"]
[Date "2020.12.20"]
[Round "5"]
[White "TjkTiger"]
[Black "Volkov"]
[Result "1-0"]
[ICCResult "Black resigns"]
[WhiteElo "2602"]
[BlackElo "2607"]
[Opening "English: Caro-Kann defensive system"]
[ECO "A11"]
[NIC "EO.64"]
[Time "19:03:22"]
[PlyCount "111"]
[TimeControl "1800+10"]


1. c4 c6 2. Nc3 d5 3. d4 Nf6 4. cxd5 cxd5 5. Bf4 Nc6 6. e3 a6 7. Be2 e6 8.
Nf3 Nh5 9. Be5 Be7 10. h3 Nxe5 11. dxe5 g6 12. g4 Ng7 13. e4 h5 14. Rg1
hxg4 15. hxg4 Qb6 16. Qb3 Qxb3 17. axb3 Bb4 18. O-O-O Bxc3 19. bxc3 dxe4
20. Ng5 Ke7 21. Rd4 Bd7 22. Rxe4 Ne8 23. Rf4 f6 24. exf6+ Nxf6 25. Bc4 Rac8
26. Re1 Rc6 27. Nf3 g5 28. Rd4 b5 29. Ne5 bxc4 30. Ng6+ Kf7 31. Nxh8+ Kg7
32. Re5 cxb3 33. Rxg5+ Kxh8 34. Kb2 e5 35. Rd1 Bxg4 36. Rh1+ Bh5 37. Kxb3
e4 38. c4 Kh7 39. Rhxh5+ Nxh5 40. Rxh5+ Kg6 41. Re5 Rf6 42. Rxe4 Rxf2 43.
c5 Rf6 44. Kc4 Kf7 45. Kd5 Rf1 46. c6 Rd1+ 47. Kc5 Rc1+ 48. Kb6 a5 49. c7
Rc2 50. Re5 a4 51. Rc5 Rxc5 52. Kxc5 a3 53. c8=Q a2 54. Qb7+ Kg8 55. Qa8+
Kh7 56. Qxa2 { Black resigns } 1-0

[Event "ICC tourney 2223 (30 10)"]
[Site "Internet Chess Club"]
[Date "2020.12.20"]
[Round "5"]
[White "Chessking2008"]
[Black "MrNormalName"]
[Result "1/2-1/2"]
[ICCResult "Game drawn by repetition"]
[WhiteElo "2197"]
[BlackElo "2181"]
[Opening "Nimzo-Indian: classical variation"]
[ECO "E32"]
[NIC "NI.24"]
[Time "19:02:22"]
[PlyCount "97"]
[TimeControl "1800+10"]


1. d4 Nf6 2. c4 e6 3. Nc3 Bb4 4. Qc2 O-O 5. Nf3 c5 6. dxc5 Na6 7. a3 Bxc3+
8. Qxc3 Nxc5 9. e3 b6 10. Be2 Bb7 11. O-O Rc8 12. b4 Nce4 13. Qb3 d5 14.
Bb2 dxc4 15. Bxc4 Bd5 16. Bxd5 Qxd5 17. Qa4 Qb7 18. b5 Nc5 19. Qh4 Nfe4 20.
Rad1 a6 21. bxa6 Qxa6 22. Ng5 Nxg5 23. Bxg7 Kxg7 24. Qxg5+ Kh8 25. Qf6+ Kg8
26. Rd4 Qe2 27. Qg5+ Kh8 28. Rg4 Qb2 29. Rd4 f6 30. Qh6 Rf7 31. Rfd1 Rg8
32. g3 Qc2 33. Rd8 Qg6 34. Qf4 Rff8 35. Rxf8 Rxf8 36. Qd6 Rg8 37. Qxb6 Qf5
38. Rd8 Ne4 39. Rxg8+ Kxg8 40. Qd8+ Kf7 41. Qd7+ Kg6 42. Qe8+ Kg5 43. f4+
Kh6 44. Qf8+ Kg6 45. Qe8+ Kg7 46. Qe7+ Kg6 47. Qe8+ Kg7 48. Qe7+ Kg6 49.
Qe8+ { Game drawn by repetition } 1/2-1/2

[Event "ICC tourney 2223 (30 10)"]
[Site "Internet Chess Club"]
[Date "2020.12.20"]
[Round "5"]
[White "Drachekokosnuss"]
[Black "VolcanoExplorer"]
[Result "0-1"]
[ICCResult "White resigns"]
[WhiteElo "2100"]
[BlackElo "2368"]
[Opening "Ruy Lopez: closed, 9.d4"]
[ECO "C91"]
[NIC "RL.20"]
[Time "19:00:59"]
[PlyCount "76"]
[TimeControl "1800+10"]


1. e4 e5 2. Nf3 Nc6 3. Bb5 a6 4. Ba4 Nf6 5. O-O Be7 6. Re1 b5 7. Bb3 O-O 8.
c3 d6 9. d4 exd4 10. cxd4 Bg4 11. Be3 Na5 12. Bc2 c5 13. d5 Nc4 14. Bc1 Nd7
15. h3 Bh5 16. Nbd2 Nxd2 17. Bxd2 Bf6 18. Rb1 Re8 19. Qe2 c4 20. g4 Bg6 21.
Bb4 Qc7 22. Qe3 a5 23. Bc3 b4 24. Bxf6 Nxf6 25. Qd4 b3 26. axb3 cxb3 27.
Bd3 h5 28. g5 Nd7 29. Bb5 Rab8 30. Rbc1 Qd8 31. Bc6 Ne5 32. Nxe5 Qxg5+ 33.
Ng4 Rxe4 34. Qd1 hxg4 35. Rxe4 Bxe4 36. Rc3 gxh3+ 37. Rg3 h2+ 38. Kxh2 Qh4+
{ White resigns } 0-1